 Dungeon Crawl Stone Soup version 0.18-a0-867-gfd1cc8f (webtiles) character file.

1307 benitares the Martial Artist (level 8, -3/61 HPs)
             Began as a Demonspawn Monk on Dec 21, 2015.
             Shot with an arrow by a centaur (9 damage)
             ... on level 5 of the Dungeon.
             The game lasted 00:11:23 (5808 turns).

benitares the Martial Artist (Demonspawn Monk)      Turns: 5808, Time: 00:11:23

Health: -3/61      AC:  6    Str: 13    XL:     8   Next: 32%
Magic:  10/10      EV: 11    Int: 11    God:
Gold:   302        SH:  0    Dex: 17    Spells: 0 memorised, 7 levels left

rFire  . . .     SeeInvis .       - Unarmed
rCold  . . .     Gourm    .     q - +0 ring mail
rNeg   . . .     Faith    .     (no shield)
rPois  .         Spirit   .     (no helmet)
rElec  .         Dismiss  .     (no cloak)
rCorr  .         Reflect  .     (no gloves)
SustAt .         Harm     .     (no boots)
MR     .....                    o - amulet of rage
Stlth  +.........               (no ring)
                                (no ring)

@: exhausted, flying, slowed, very slow, not resistant to hostile enchantments,
very unstealthy
A: claws 2, icy blue scales 1, demonic guardian 1
a: Evoke Berserk Rage


You were on level 5 of the Dungeon.
You were hungry.

You visited 1 branch of the dungeon, and saw 5 of its levels.

You collected 302 gold pieces.

Inventory:

Armour
 q - a +0 ring mail (worn)
Jewellery
 o - an amulet of rage (around neck)
Wands
 e - a wand of draining (7/15)
 p - a wand of teleportation (4/9)
Scrolls
 h - 2 scrolls of remove curse
 j - 4 scrolls of identify
 k - a scroll of recharging {unknown}
 n - 2 scrolls of enchant armour {unknown}
 r - a scroll of enchant weapon {unknown}
 s - a scroll of teleportation {unknown}
Potions
 c - 2 potions of brilliance
 f - a potion of flight
 i - a potion of degeneration {unknown}
 l - a potion of poison {unknown}
Comestibles
 b - 4 bread rations
 d - a beef jerky
 g - 4 meat rations


   Skills:
 + Level 4.7 Fighting
 - Level 2.6 Dodging
 - Level 1.7 Stealth
 + Level 8.9 Unarmed Combat
 - Level 3.0 Evocations


You had 7 spell levels left.
You didn't know any spells.

Dungeon Overview and Level Annotations

Branches:
Dungeon (5/15)
 Temple: D:4-7

Altars:
Fedhas
Pakellas
Vehumet


Innate Abilities, Weirdness & Mutations

You have very sharp fingernails.
You are partially covered in icy blue scales (AC +1).
A weak demonic guardian rushes to your aid.


Message History

It was a potion of berserk rage.
A red film seems to cover your vision as you go berserk!
You feel yourself moving faster!
You feel mighty!
The centaur shoots an arrow.
The arrow hits you.
* * * LOW HITPOINT WARNING * * *
The arrow freezes you.
* * * LOW HITPOINT WARNING * * *
The centaur shoots an arrow.
The arrow closely misses you.
You feel a strong urge to attack something.
The centaur shoots an arrow.
The arrow barely misses you.
You feel your anger subside.
You are no longer berserk.
You are exhausted.
You feel yourself slow down.
You are feeling hungry.
The centaur shoots an arrow.
The arrow closely misses you.
Drink which item? (? for menu, Esc to quit)
It was a potion of magic.
Magic courses through your body.
The centaur shoots an arrow.
The arrow barely misses you.
The centaur shoots an arrow.
The arrow hits you!
You die...

######### #.......#
##### #.$.....###
......##(........#
.........(((...#.#
......##(.(....#.#
.......(.........#
......(#.).(...########
....c..@...(..........#
.....$.##############.##
....... #..# .......
##.# .#####. #.# #. #..
#. #######. .. ........
#######.


You could see a centaur.

Vanquished Creatures
  A sky beast (D:4)
  5 big kobolds (D:4)
  A wyvern skeleton (D:4)
  2 scorpions (D:4)
  A crimson imp (D:5)
  A hound (D:5)
  An orc wizard (D:3)
  A centaur skeleton (D:5)
  4 worker ants
  2 giant frog skeletons
  2 iguanas (D:5)
  A killer bee zombie (D:5)
  A hound skeleton (D:4)
  8 adders
  4 gnolls
  7 worms
  2 giant geckos (D:3)
  7 orcs (D:3)
  8 bats
  7 giant cockroaches
  10 goblins
  8 hobgoblins
  8 jackals
  45 kobolds
  A quokka (D:2)
  A ball python (D:2)
  7 giant newts
  11 rats
157 creatures vanquished.

Vanquished Creatures (collateral kills)
  An ogre (D:4)
  A big kobold (D:4)
  A ball python (D:4)
  A kobold (D:4)
4 creatures vanquished.

Grand Total: 161 creatures vanquished

Notes
Turn   | Place    | Note
--------------------------------------------------------------
     0 | D:1      | benitares the Demonspawn Monk began the quest for the Orb.
     0 | D:1      | Reached XP level 1. HP: 18/18 MP: 1/1
   222 | D:1      | Reached skill level 4 in Unarmed Combat
   255 | D:1      | Gained mutation: You have sharp fingernails. [demonic ancestry]
   255 | D:1      | Reached XP level 2. HP: 24/24 MP: 2/2
   887 | D:1      | Gained mutation: You have very sharp fingernails. [demonic ancestry]
   887 | D:1      | Reached XP level 3. HP: 29/29 MP: 3/3
  1233 | D:2      | Reached skill level 5 in Unarmed Combat
  1368 | D:2      | Reached XP level 4. HP: 35/35 MP: 4/4
  1928 | D:3      | Found a radiant altar of Vehumet.
  2522 | D:3      | Reached XP level 5. HP: 10/41 MP: 5/5
  2851 | D:3      | Found a blossoming altar of Fedhas.
  3269 | D:3      | Reached skill level 6 in Unarmed Combat
  3835 | D:4      | Noticed a sky beast
  3971 | D:4      | Killed a sky beast
  3971 | D:4      | Reached skill level 1 in Evocations
  3971 | D:4      | Gained mutation: You are partially covered in icy blue scales (AC +1). [demonic ancestry]
  3971 | D:4      | Reached XP level 6. HP: 47/47 MP: 5/7
  4358 | D:4      | Reached skill level 7 in Unarmed Combat
  4930 | D:4      | Gained mutation: A weak demonic guardian rushes to your aid. [demonic ancestry]
  4930 | D:4      | Reached XP level 7. HP: 42/52 MP: 9/9
  5090 | D:4      | Reached skill level 8 in Unarmed Combat
  5459 | D:4      | Reached XP level 8. HP: 49/60 MP: 10/10
  5602 | D:5      | Entered Level 5 of the Dungeon
  5669 | D:5      | Found an oddly glowing altar of Pakellas.
  5808 | D:5      | Shot with an arrow by a centaur

Vault maps used:
D:1:      dpeg_arrival_subterranean_lakeside_camping
D:2:      lemuel_upstairs_altar
D:3:      vehumet_crystals, fedhas_altar_2
D:4:      minmay_goblin_kobold_castle, nicolae_overflow_hidden_temple
D:5:      minmay_temple_entry_poolview, first_bread, grunt_pakellas_mercury,
          uniq_menkaure

Action                   |  1- 3 |  4- 6 |  7- 9 || total
-------------------------+-------+-------+-------++-------
Melee: Unarmed           |    96 |   221 |   157 ||   474
 Abil: Evoke Berserk Rag |       |     3 |     1 ||     4
  Use: Potion            |       |     3 |     3 ||     6
       Scroll            |       |     3 |       ||     3
 Stab: Sleeping          |     8 |     4 |       ||    12
       Distracted        |       |     1 |     1 ||     2
  Eat: Chunk             |     1 |    10 |     3 ||    14
       Bread ration      |       |     1 |       ||     1
